 Dungeon Crawl Stone Soup version 0.18-a0-1577-gf591c28 (webtiles) character file.

544 Duffy the Shield-Bearer (level 7, -2/52 HPs)
             Began as a Formicid Fighter on Mar 19, 2016.
             Succumbed to namelastname112's ghost's poison
             ... on level 4 of the Dungeon.
             The game lasted 00:03:27 (4209 turns).

Duffy the Shield-Bearer (Formicid Fighter)          Turns: 4209, Time: 00:03:27

Health: -2/52      AC: 10    Str: 20    XL:     7   Next: 52%
Magic:  7/7        EV:  7    Int:  8    God:
Gold:   307        SH: 11    Dex: 12    Spells: 0 memorised, 6 levels left

rFire  . . .     SeeInvis +     a - +0 long sword
rCold  . . .     Gourm    .     B - +0 chain mail
rNeg   . . .     Faith    .     c - +0 shield
rPois  .         Spirit   .     (helmet unavailable)
rElec  .         Dismiss  .     (no cloak)
rCorr  .         Reflect  .     (no gloves)
SustAt .         Harm     .     p - +0 pair of boots
MR     .....                    (no amulet)
Stlth  ..........               (no ring)
                                x - ring of teleportation (curse)

@: lethally poisoned (-2 -> -31), not resistant to hostile enchantments,
extremely unstealthy
A: permanent stasis, dig shafts and tunnels, four strong arms, antennae 3
a: Dig, Shaft Self


You were on level 4 of the Dungeon.
You were not hungry.

You visited 1 branch of the dungeon, and saw 4 of its levels.

You collected 307 gold pieces.


Innate Abilities, Weirdness & Mutations

You are under a permanent stasis effect.
You can dig through walls and to a lower floor.
Your four strong arms can wield two-handed weapons with a shield.
You have a pair of large antennae on your head (SInv).


   Skills:
 - Level 3.2 Fighting
 + Level 5.6 Long Blades
 - Level 3.2 Armour
 + Level 7.3 Shields


You had 6 spell levels left.
You didn't know any spells.

Inventory:

Hand Weapons
 a - a +0 long sword (weapon)
Missiles
 k - 58 poisoned needles
Armour
 b - a +0 scale mail
 c - a +0 shield (worn)
 p - a +0 pair of boots (worn)
 B - a +0 chain mail (worn)
Jewellery
 x - a cursed ring of teleportation (left hand)
Wands
 w - a wand of iceblast (8/15)
Scrolls
 e - 2 scrolls of remove curse {unknown}
 g - 5 scrolls of immolation {unknown}
 l - a scroll of random uselessness {unknown}
 m - 2 scrolls of noise {unknown}
 n - 2 scrolls of fear {unknown}
 q - a scroll of teleportation {unknown}
 s - 3 scrolls of identify {unknown}
 u - a scroll of recharging {unknown}
 y - a scroll of blinking {unknown}
 D - a scroll of amnesia {unknown}
Potions
 d - 2 potions of might
 i - a potion of brilliance {unknown}
 j - 4 potions of curing {unknown}
 r - a potion of mutation {unknown}
 t - a potion of flight {unknown}
 z - 2 potions of ambrosia {unknown}
 A - a potion of degeneration {unknown}
Comestibles
 f - 5 bread rations
 h - 2 meat rations
 o - a beef jerky
 v - 8 fruits
 C - 6 chunks of flesh

Dungeon Overview and Level Annotations

Branches:
Dungeon (4/15)
 Temple: D:4-7

Altars:
Fedhas
Vehumet
Xom

Annotations:
D:4 namelastname112's ghost, amateur DrSk


Message History

You block namelastname112's ghost's attack.
Namelastname112's ghost barely misses you.
You barely miss namelastname112's ghost.
Namelastname112's ghost is moderately damaged.
You feel very sick.
Namelastname112's ghost hits you but does no damage.
You are more poisoned.
You hit namelastname112's ghost but do no damage.
Namelastname112's ghost is moderately damaged.
You feel very sick.
Namelastname112's ghost barely misses you.
You hit namelastname112's ghost.
Namelastname112's ghost is moderately damaged.
You feel very sick.
Namelastname112's ghost barely misses you.
You hit namelastname112's ghost.
Namelastname112's ghost is heavily damaged.
You feel very sick.
You block namelastname112's ghost's attack.
Your chain mail prevents you from hitting namelastname112's ghost.
Namelastname112's ghost is heavily damaged.
You feel very sick.
You block namelastname112's ghost's attack.
You slash namelastname112's ghost!
Namelastname112's ghost is severely damaged.
You feel sick.
Namelastname112's ghost closely misses you.
Your chain mail prevents you from hitting namelastname112's ghost.
Namelastname112's ghost is severely damaged.
You feel sick.
Namelastname112's ghost hits you but does no damage.
You are more poisoned.
You closely miss namelastname112's ghost.
Namelastname112's ghost is severely damaged.
You die...

#.#
##############################.#
#........................).....#
#[.......######.......##########
#........# #.......###
#........# ###.......#
####'##### #.......# #.#
########.......######## ##'##
#....W@................ #...#
#.##################### #...#
#.# ########## # #...# #.#
#........#### #...# #.#
#........'... #...# #.#
#........#### ##'## #.#
#........# #.# #.# #........#
#.# #.# #######'#####


You could see namelastname112's ghost.

Action                   |  1- 3 |  4- 6 |  7- 9 || total
-------------------------+-------+-------+-------++-------
Melee: Long sword        |   107 |   240 |    74 ||   421
  Eat: Chunk             |     1 |     8 |     2 ||    11

Notes
Turn   | Place    | Note
--------------------------------------------------------------
     0 | D:1      | Duffy the Formicid Fighter began the quest for the Orb.
     0 | D:1      | Reached XP level 1. HP: 18/18 MP: 1/1
    51 | D:1      | Reached XP level 2. HP: 18/24 MP: 2/2
   403 | D:1      | Reached skill level 4 in Shields
   589 | D:1      | Reached XP level 3. HP: 29/29 MP: 3/3
  1168 | D:1      | Reached skill level 3 in Long Blades
  1417 | D:2      | Reached XP level 4. HP: 33/35 MP: 4/4
  1671 | D:2      | Reached skill level 5 in Shields
  2136 | D:2      | Reached XP level 5. HP: 41/41 MP: 5/5
  2521 | D:3      | Noticed namelastname112's ghost (amateur DrSk)
  2538 | D:3      | Killed namelastname112's ghost
  2538 | D:3      | Reached skill level 4 in Long Blades
  2538 | D:3      | Reached skill level 6 in Shields
  2538 | D:3      | Reached XP level 6. HP: 27/47 MP: 6/6
  3049 | D:3      | Noticed Ijyb
  3063 | D:3      | Killed Ijyb
  3112 | D:3      | Noticed Jessica
  3118 | D:3      | Killed Jessica
  3118 | D:3      | Reached skill level 5 in Long Blades
  3529 | D:4      | Reached XP level 7. HP: 52/52 MP: 7/7
  3550 | D:4      | Found a shimmering altar of Xom.
  3564 | D:4      | Found a radiant altar of Vehumet.
  3567 | D:4      | Found a blossoming altar of Fedhas.
  3717 | D:4      | Reached skill level 7 in Shields
  4192 | D:4      | Noticed namelastname112's ghost (amateur DrSk)
  4209 | D:4      | Succumbed to namelastname112's ghost's poison

Vault maps used:
D:1:      dpeg_arrival_morbid_curiosity
D:3:      first_bread, uniq_jessica, uniq_iyjb
D:4:      minmay_overflow_temple_star_quad, lemuel_blue_sif_altar

Vanquished Creatures
  The ghost of namelastname112 the Cutter, an amateur DrSk
  A giant frog zombie
  A hound
  A centaur skeleton
  An orc wizard Jessica
  3 worker ants Ijyb
  A gnoll
  6 adders
  3 worms
  3 dart slugs
  2 giant geckos
  5 orcs
  A giant cockroach
  9 goblins
  13 hobgoblins
  9 jackals
  3 quokkas
  5 ball pythons
  8 bats
  A giant gecko skeleton
  6 giant newts
  10 kobolds
  3 rats
98 creatures vanquished.
